 Dungeon Crawl Stone Soup version 0.22.1-2-g9c5b331 (webtiles) character file.

217 Folque the Digger (level 5, -3/38 HPs)
             Began as a Draconian Earth Elementalist on Nov 12, 2018.
             Killed by miscasting Lee's Rapid Deconstruction (15 damage)
             ... on level 7 of the Dungeon.
             The game lasted 00:07:56 (3383 turns).

Folque the Digger (Draconian Earth Elementalist)    Turns: 3383, Time: 00:07:57

Health: -3/38      AC:  5    Str: 11    XL:     5   Next: 61%
Magic:  3/20       EV: 12    Int: 16    God:
Gold:   127        SH:  0    Dex: 11    Spells: 1/12 levels left

rFire    . . .     SeeInvis .   s - +1 dagger (venom)
rCold    + . .     Gourm    .   (no shield)
rNeg     . . .     Faith    .   (armour unavailable)
rPois    .         Spirit   .   (helmet restricted)
rElec    .         Reflect  .   (no cloak)
rCorr    .         Harm     .   (no gloves)
MR       .....                  (no boots)
Stlth    ++........             (no amulet)
HPRegen  0.12/turn              n - ring of protection from cold
MPRegen  0.17/turn              p - ring of magical power

@: lethally poisoned (-3 -> -25), very slightly contaminated
A: unfitting armour, cold-blooded, AC +5
a: no special abilities


You were on level 7 of the Dungeon.
You were not hungry.

You visited 1 branch of the dungeon, and saw 5 of its levels.

You collected 127 gold pieces.

Inventory:

Hand Weapons
 h - a +0 dagger
 i - a +2 dagger of protection
 q - a +0 falchion
 s - a +1 dagger of venom (weapon)
Missiles
 b - 151 stones (quivered)
 m - 8 poisoned needles
Jewellery
 l - a +3 ring of intelligence {unknown}
 n - a ring of protection from cold (left hand)
 p - a ring of magical power (right hand)
 r - an uncursed amulet of guardian spirit {unknown}
Scrolls
 d - a scroll of immolation
 f - a scroll of remove curse
 k - 2 scrolls of identify
 t - a scroll of enchant weapon {unknown}
Potions
 a - a potion of brilliance {unknown}
 e - a potion of resistance {unknown}
 g - a potion of haste {unknown}
 o - a potion of heal wounds
 u - a potion of cancellation {unknown}
 w - a potion of lignification {unknown}
Comestibles
 c - 5 rations
 x - a chunk of flesh


   Skills:
 - Level 1.7 Dodging
 - Level 1.7 Stealth
 + Level 4.1 Spellcasting
 - Level 2.1 Conjurations
 - Level 1.0 Transmutations
 * Level 4.3 Earth Magic


You had one spell level left.
You knew the following spells:

 Your Spells              Type           Power        Failure   Level  Hunger
a - Sandblast             Erth           ###...       2%          1    None
b - Passwall              Tmut/Erth      ##......     9%          2    ##.....
c - Stone Arrow           Conj/Erth      ##....       13%         3    ###....
d - Lee's Rapid Deconstr  Erth           ###.......   61%         5    ######.

Your spell library contained the following spells:

 Spells                   Type           Power        Failure   Level  Hunger
 Petrify                  Tmut/Erth      ##......     50%         4    ####...


Dungeon Overview and Level Annotations

Branches:
Dungeon (4/15)
 Temple: D:4-7

Altars:
Cheibriados
Dithmenos
Makhleb
Qazlal
Ru

Portals:
Bailey: D:7

Annotations:
D:4 2 runed doors, Edmund


Innate Abilities, Weirdness & Mutations

Your plain brown scales are hard. (AC +5)
You cannot fit into any form of body armour.
You are cold-blooded and may be slowed by cold attacks.


Message History

* * * LOW HITPOINT WARNING * * *
You are more poisoned.
The killer bee poisons you!
You feel much better.
You feel sick. The killer bee barely misses you.
A killer bee comes into view.
The killer bee closely misses you.
You barely miss the killer bee.
Your tail-slap misses the killer bee.
The killer bee is severely wounded.
You feel sick. The killer bee stings you. The killer bee barely misses you.
Casting: Sandblast (safe; 2% risk of failure)
Confirm with . or Enter, or press ? or * to list all spells.
The spell is very dangerous to cast (61% risk of failure)!
Continue anyway?
Aiming: Lee's Rapid Deconstruction (very dangerous; 61% risk of failure)
Press: ? - help, Dir - move target cursor, p - killer bee A rock wall.
You miscast Lee's Rapid Deconstruction.
You are very lightly contaminated with residual magic.
You are caught in an explosion of flying shrapnel!
The explosion engulfs you!
You die...

##...
#...
##..#
#...
#..#
###..##
#@#...#
##yy..#
##...#
###+###
#####
#..!.$#
#g....#
#..g..#
#!gg..#
#.....#
#######


You could see 2 killer bees.

Vanquished Creatures
  A howler monkey (D:4)
  A hound (D:4)
  An iguana (D:4)
  Robin (D:2)
  4 adders
  2 oozes
  A worm (D:3)
  A dart slug (D:2)
  A leopard gecko (D:3)
  An orc (D:3)
  5 bats
  10 goblins
  13 hobgoblins
  8 kobolds
  2 quokkas
  2 ball pythons
  2 frilled lizards
  6 rats
62 creatures vanquished.

Notes
Turn   | Place    | Note
-------+----------+-------------------------------------------
     0 | D:1      | Folque the Draconian Earth Elementalist began the quest for
                  | the Orb.
     0 | D:1      | Reached XP level 1. HP: 14/14 MP: 3/3
   436 | D:1      | Reached XP level 2. HP: 9/20 MP: 0/5
   443 | D:1      | Learned a level 2 spell: Passwall
  1638 | D:2      | Reached XP level 3. HP: 25/26 MP: 6/6
  1648 | D:2      | Learned a level 3 spell: Stone Arrow
  2024 | D:2      | Found a snail-covered altar of Cheibriados.
  2115 | D:2      | Found a shadowy altar of Dithmenos.
  2185 | D:2      | Noticed Robin
  2210 | D:2      | Killed Robin
  2210 | D:2      | Reached skill level 1 in Conjurations
  2210 | D:2      | Reached XP level 4. HP: 27/33 MP: 0/8
  2614 | D:3      | Found a burning altar of Makhleb.
  2614 | D:3      | Noticed a blizzard demon
  2617 | D:3      | Noticed a hellwing
  2617 | D:3      | Noticed a neqoxec
  2774 | D:3      | Found a stormy altar of Qazlal.
  2774 | D:3      | Found a sacrificial altar of Ru.
  3027 | D:4      | Found a runed gate.
  3028 | D:4      | Found a runed gate.
  3109 | D:4      | Reached XP level 5. HP: 32/38 MP: 9/10
  3127 | D:4      | Learned a level 5 spell: Lee's Rapid Deconstruction
  3173 | D:4      | Noticed Edmund
  3176 | D:4      | Noticed an ogre
  3188 | D:4      | You fall through a shaft for 3 floors!
  3188 | D:7      | Found a flagged portal.
  3380 | D:7      | HP: 1/38 [killer bee (2)]
  3383 | D:7      | Killed by miscasting Lee's Rapid Deconstruction

Skill      XL: |  1  2  3  4  5 |
---------------+----------------+-----
Earth Magic    | 4 |  4.3
Spellcasting   | 3 4 |  4.1
Conjurations   | 1 2 |  2.1
Dodging        | |  1.7
Stealth        | |  1.7
Transmutations | |  1.0

Action                   |  1- 3 |  4- 6 || total
-------------------------+-------+-------++-------
Melee: Unarmed           |    67 |       ||    67
       Tailslap          |     8 |     3 ||    11
       Dagger            |    77 |    46 ||   123
 Cast: Sandblast         |    16 |     5 ||    21
       Stone Arrow       |     4 |    14 ||    18
  Use: Scroll            |       |     6 ||     6
       Potion            |       |     1 ||     1
 Stab: Sleeping          |     2 |     2 ||     4
  Eat: Chunk             |     5 |     5 ||    10
Armor: Skin              |    43 |    10 ||    53
Dodge: Dodged            |    85 |    30 ||   115
